 Dungeon Crawl Stone Soup version 0.31.0-9-g3a7656b989 (webtiles) character file.

Game seed: 17563549333717110839

127 qw the Shooter (level 4, -2/36 HPs)
             Began as a Demigod Hunter on Feb 2, 2024.
             Slain by a gnoll
             ... wielding a +0 spear
              (5 damage)
             ... on level 3 of the Dungeon.
             The game lasted 00:00:08 (2295 turns).

qw the Shooter (Demigod Hunter)                     Turns: 2295, Time: 00:00:09

Health: -2/36      AC:  5    Str: 12    XL:     4   Next: 56%
Magic:  6/6        EV: 12    Int: 11    God:
Gold:   105        SH:  0    Dex: 21    Spells: 3/3 levels left

rFire   . . .        a - +1 shortbow
rCold   . . .        (shield currently unavailable)
rNeg    . . .        c - +0 leather armour
rPois   .            (no helmet)
rElec   .            k - +1 cloak
rCorr   .            (no gloves)
SInv    .            (no boots)
Will    .....        (no amulet)
Stlth   ++           (no ring)
HPRegen 0.26/turn    (no ring)
MPRegen 0.10/turn

%: no passive effects
@: no status effects
A: high MP 1, forlorn, divine attributes
a: no special abilities


You were on level 3 of the Dungeon.
You visited 1 branch of the dungeon, and saw 3 of its levels.

You collected 105 gold pieces.


Innate Abilities, Weirdness & Mutations

You have an increased reservoir of magic. (+10% MP)
You shall have no god before yourself.
Your divine heritage dramatically boosts your attributes as you level up.


   Skills:
 - Level 2.0 Fighting
 + Level 5.4 Ranged Weapons
 - Level 2.2 Dodging
 - Level 0.8 Stealth


You had 3 spell levels left.
You didn't know any spells.
Your spell library was empty.

Inventory:

Hand Weapons
 a - a +1 shortbow (weapon)
Armour
 b - a +0 ring mail
 c - a +0 leather armour (worn)
 k - a +1 cloak (worn)
Potions
 g - 2 potions of mutation

Dungeon Overview and Level Annotations

Branches:
Dungeon (3/15)

Shops:
D:2 (   D:3 (


Message History

Enter note:
Enter note:
2285 ||| RETREEEEATING.
The gnoll shouts!
A gnoll comes into view.
It is wielding a +0 club and quivering a throwing net.
Enter note:
2286 ||| RETREEEEATING.
You see here a +0 hand axe.
You shoot an arrow.
The arrow hits the gnoll sergeant but does no damage.
You shoot an arrow.
The arrow hits the gnoll sergeant but does no damage.
You shoot an arrow.
The arrow hits the gnoll sergeant but does no damage.
Enter note: You shoot an arrow.
The arrow completely misses the gnoll sergeant.
The gnoll sergeant hits you from afar with a +0 spear!
You shoot an arrow. The arrow hits the gnoll sergeant.
The gnoll sergeant is lightly wounded.
The gnoll sergeant closely misses you.
You shoot an arrow. The arrow hits the gnoll.
The gnoll is lightly wounded.
The gnoll sergeant misses you. The gnoll hits you with a +0 club.
You shoot an arrow. The arrow hits the gnoll.
The gnoll is moderately wounded.
The gnoll hits you from afar with a +0 spear.
The gnoll sergeant hits you from afar with a +0 spear!
The gnoll sergeant closely misses you.
The gnoll hits you from afar with a +0 spear.
The gnoll barely misses you.
You shoot an arrow.
The arrow hits the gnoll but does no damage.
The gnoll is moderately wounded.
The gnoll hits you from afar with a +0 spear.
The gnoll sergeant misses you. The gnoll hits you with a +0 club.
You shoot an arrow. The arrow hits the gnoll!
The gnoll is almost dead.
The gnoll hits you from afar with a +0 spear.
You die... ### .. ###.########### 7777

....##<......# 7 ..)7
#..##.#####.# ## #..777
#..##.### #.# ...#....777
#......###.###
...#..7g.@77#.##.#.#......
)..'...g.g.)).##.#.#.#....
g.#.7...)77#.####.#.#....
..#..).777 ### #.#.#....
#..777 #.#.##... )...7
#.#.###.#


7777 #.#.# #.# #.#.###.# ###....##%# You could see a gnoll sergeant and 2
gnolls.

Vanquished Creatures
  3 gnolls (D:3)
  5 adders
  2 dart slugs (D:1)
  2 ball pythons
  3 bats
  6 endoplasms
  2 giant cockroaches
  6 hobgoblins
  3 jackals (D:1)
  4 quokkas (D:1)
  A frilled lizard (D:1)
  5 goblins
  3 kobolds
  2 rats (D:1)
47 creatures vanquished.

Notes
Turn   | Place    | Note
-------+----------+-------------------------------------------
     0 | D:1      | qw the Demigod Hunter began the quest for the Orb.
     0 | D:1      | Reached XP level 1. HP: 17/17 MP: 3/3
     0 | D:1      | 0 ||| qw: Version: 0.3-a-155-g5e7d8dd
     0 | D:1      | 0 ||| qw: Game counter: 200
     0 | D:1      | 0 ||| qw: Melee chars always use a shield: true
     0 | D:1      | 0 ||| qw: God list: Okawaru
     0 | D:1      | 0 ||| qw: Allow faded altars: false
     0 | D:1      | 0 ||| qw: Do Orc after clearing Dungeon:15 true
     0 | D:1      | 0 ||| qw: Do second Lair branch before Depths: true
     0 | D:1      | 0 ||| qw: Lair rune preference: random
     0 | D:1      | 0 ||| qw: Goals: Normal
     0 | D:1      | 0 ||| PLANNING D:1-11
   139 | D:1      | Reached skill level 4 in Ranged Weapons
   144 | D:1      | Reached XP level 2. HP: 24/24 MP: 4/4
   487 | D:1      | Reached XP level 3. HP: 24/29 MP: 5/5
   860 | D:1      | 860 ||| READING scroll labelled WIFUOBRESA.
   861 | D:1      | 861 ||| READING scroll labelled TUGHUR RUTWA.
   861 | D:1      | 861 ||| IDENTIFYING 2 purple potions
   862 | D:1      | 862 ||| DROPPING scroll of butterflies.
   863 | D:1      | 863 ||| DROPPING 2 potions of degeneration.
  1103 | D:2      | Identified the +0 robe of Undesirable Species {-Tele Str+5
                  | Int+3}
  1343 | D:2      | Reached skill level 5 in Ranged Weapons
  1343 | D:2      | Reached XP level 4. HP: 36/36 MP: 6/6
  1345 | D:2      | Found Vuovoar's Antique Weapon Shop.
  1737 | D:2      | 1737 ||| DROPPING +0 robe of Undesirable Species {-Tele
                  | Str+5 Int+3}.
  1738 | D:2      | 1738 ||| UPGRADING to +1 cloak.
  1743 | D:2      | 1743 ||| READING 4 scrolls of identify.
  1743 | D:2      | 1743 ||| IDENTIFYING bubbling ruby potion
  1744 | D:2      | 1744 ||| READING 3 scrolls of identify.
  1744 | D:2      | 1744 ||| IDENTIFYING amethyst potion
  1745 | D:2      | 1745 ||| READING 2 scrolls of identify.
  1745 | D:2      | 1745 ||| IDENTIFYING orange potion
  1746 | D:2      | 1746 ||| READING scroll of identify.
  1746 | D:2      | 1746 ||| IDENTIFYING scroll labelled OGRAFAHINO
  1747 | D:2      | 1747 ||| READING scroll labelled IJUOFETR OGROM.
  1747 | D:2      | 1747 ||| ENCHANTING +0 shortbow.
  1748 | D:2      | 1748 ||| READING scroll labelled CUTWYQ TUSSURR.
  1749 | D:2      | 1749 ||| READING scroll labelled CUOWUSTR TUJUEX.
  1750 | D:2      | 1750 ||| READING scroll labelled OTAUKLUHAC.
  1851 | D:2      | 1851 ||| DROPPING scroll of silence.
  1852 | D:2      | 1852 ||| DROPPING potion of berserk rage.
  1853 | D:2      | 1853 ||| DROPPING potion of attraction.
  1944 | D:3      | Found Isuen's Antique Weapon Emporium.
  2283 | D:3      | Noticed a gnoll sergeant
  2285 | D:3      | Found the +5 woodcutter's axe
  2285 | D:3      | 2285 ||| RETREEEEATING.
  2286 | D:3      | 2286 ||| RETREEEEATING.
  2293 | D:3      | HP: 8/36 [gnoll/+0 spear (4)]
  2294 | D:3      | HP: 2/36 [gnoll/+0 club (3)]
  2295 | D:3      | Slain by a gnoll

Levels and vault maps discovered:
D:1:      scummos_arrival_checkerplants, layout_basic,
          hellmonk_ecumenical_altar_slurped_away, minmay_misc_feat_cross,
          st_stairs_13
D:2:      layout_loops_corners, serial_shops, nicolae_shop_just_a_little_nook
D:3:      layout_loops_corners, nicolae_wu_jian_glorious_leap,
          serial_co_window_serial, co_window_of_opportunity_a,
          co_window_of_opportunity_a, co_window_paths_b, co_window_paths_a,
          co_window_corner_a, co_window_paths_a, co_window_cross_1,
          co_window_corner_cb, co_window_corner_cb, co_window_of_opportunity_c,
          co_window_unsneaky_path_c, co_window_corner_cb, glass_columns_a,
          serial_shops, shop, nicolae_shop_advertising_works
          [nicolae_subvault_shop_adworks], nicolae_shop_window_shopping,
          nicolae_shop_window_shopping, shop, pf_guarded_unrand_woodcutter,
          uniq_ijyb

Skill      XL: |  1  2  3 |
---------------+----------+-----
Ranged Weapons | 4 5 |  5.4
Fighting       | 2 |  2.0
Dodging        | 2 |  2.2
Stealth        | |  0.8

Action                     |  1- 3 |  4- 6 || total
---------------------------+-------+-------++-------
   Fire: Shortbow          |   135 |    31 ||   166
    Use: Scroll            |     2 |     8 ||    10
 Armour: Leather armour    |    37 |    12 ||    49
  Dodge: Dodged            |    52 |    10 ||    62

Table legend:
 A = Non-vault XP
 B = Vault XP
 C = Vault XP percentage of total XP
 D = Non-vault monster count
 E = Vault monster count
 F = Vault count percentage of total count
                 A         B        C        D         E       F
            +---------+---------+-------+---------+---------+-------
      Total |     133 |      49 |  26.9 |      41 |       6 |  12.8
            +---------+---------+-------+---------+---------+-------
        D:1 |      50 |       5 |   9.1 |      26 |       3 |  10.3
        D:2 |      70 |       0 |   0.0 |      14 |       0 |   0.0
        D:3 |      13 |      44 |  77.2 |       1 |       3 |  75.0
            +---------+---------+-------+---------+---------+-------
